 Dungeon Crawl Stone Soup version 0.22.1-1-ga44c0e56f4 (webtiles) character file.

276 MrBoozer the Skirmisher (level 6, -1/53 HPs)
             Began as a Hill Orc Fighter on Nov 1, 2018.
             Shot with an arrow by a centaur (11 damage)
             ... on level 4 of the Dungeon.
             The game lasted 00:20:00 (4212 turns).

MrBoozer the Skirmisher (Hill Orc Fighter)          Turns: 4212, Time: 00:20:01

Health: -1/53      AC:  7    Str: 21    XL:     6   Next: 25%
Magic:  6/6        EV:  7    Int:  8    God:
Gold:   172        SH:  9    Dex: 10    Spells: 5/5 levels left

rFire    . . .     SeeInvis .   a - +1 flail
rCold    . . .     Gourm    .   c - +0 shield
rNeg     . . .     Faith    .   b - +0 scale mail
rPois    .         Spirit   .   (no helmet)
rElec    .         Reflect  .   (no cloak)
rCorr    .         Harm     .   (no gloves)
MR       .....                  (no boots)
Stlth    ..........             (no amulet)
HPRegen  0.17/turn              (no ring)
MPRegen  0.10/turn              (no ring)

@: no status effects
A: no striking features
a: no special abilities


You were on level 4 of the Dungeon.
You were not hungry.

You visited 1 branch of the dungeon, and saw 4 of its levels.

You collected 172 gold pieces.

Inventory:

Hand Weapons
 a - a +1 flail (weapon)
Missiles
 e - 62 stones (quivered)
Armour
 b - a +0 scale mail (worn)
 c - a +0 shield (worn)
 i - a +0 pair of boots
 v - a +0 helmet
 w - a +0 cloak
Jewellery
 k - a cursed -2 ring of dexterity
Wands
 t - a wand of flame (16)
Scrolls
 g - a scroll of teleportation
 s - a scroll of amnesia
Potions
 d - 2 potions of might
 h - 3 potions of curing {unknown}
 j - 2 potions of lignification {unknown}
 l - 2 potions of flight {unknown}
 m - a potion of brilliance {unknown}
 n - a potion of cancellation {unknown}
 p - a potion of mutation {unknown}
Comestibles
 f - 3 rations


   Skills:
 * Level 4.7 Fighting
 * Level 4.6 Maces & Flails
 * Level 1.9 Throwing
 + Level 3.9 Armour
 + Level 0.8 Dodging
 + Level 3.9 Shields


You had 5 spell levels left.
You didn't know any spells.
Your spell library was empty.

Dungeon Overview and Level Annotations

Branches:
Dungeon (4/15)
 Temple: D:4-7

Altars:
Cheibriados
Fedhas
Qazlal
Wu Jian


Message History

Press: ? - help, Shift-Dir - straight line, f/p - centaur
Aim: a centaur, wielding a shortbow You throw a stone.
The stone barely misses the centaur.
Throwing (i - inventory)
e - 64 stones (quivered)
Press: ? - help, Shift-Dir - straight line, f/p - centaur
Aim: a centaur, wielding a shortbow You throw a stone.
The stone hits the centaur but does no damage.
The centaur shoots an arrow.
The arrow hits you!
* * * LOW HITPOINT WARNING * * *
Throwing (i - inventory)
e - 63 stones (quivered)
Press: ? - help, Shift-Dir - straight line, f/p - centaur
Aim: a centaur, wielding a shortbow You throw a stone.
The stone hits the centaur but does no damage.
The centaur shoots an arrow.
You block the arrow.
The centaur shoots an arrow.
The arrow hits you.
* * * LOW HITPOINT WARNING * * *
The centaur shoots an arrow.
The arrow hits you!
You die...

######### #........
#........ #........
######## #........
....#..# +...(...(
....#..##+#######$...c.((
.[..'..#........@(.#
<...#..#...........#
....####...........#
##.................#
.#.................#
.'.................#
.#.................#
'####+####+#....####
...'...#...#....#


You could see a centaur.

Vanquished Creatures
  An orc wizard (D:3)
  Natasha (thrice) (D:2)
  A worker ant (D:4)
  6 adders
  An ooze (D:1)
  2 worms
  5 leopard geckos
  2 orcs (D:4)
  9 bats
  7 giant cockroaches
  11 goblins
  7 hobgoblins
  6 jackals
  8 kobolds
  A quokka (D:2)
  A ball python (D:2)
  4 frilled lizards
  10 rats
  2 bushes (D:3)
87 creatures vanquished.

Notes
Turn   | Place    | Note
-------+----------+-------------------------------------------
     0 | D:1      | MrBoozer the Hill Orc Fighter began the quest for the Orb.
     0 | D:1      | Reached XP level 1. HP: 19/19 MP: 1/1
    50 | D:1      | Reached XP level 2. HP: 18/27 MP: 2/2
   365 | D:1      | Reached XP level 3. HP: 33/33 MP: 3/3
   915 | D:2      | Noticed Natasha
   937 | D:2      | Killed Natasha
   937 | D:2      | Reached XP level 4. HP: 20/40 MP: 4/4
  1114 | D:2      | Reached skill level 1 in Throwing
  1495 | D:2      | Noticed Natasha
  1506 | D:2      | Killed Natasha
  1506 | D:2      | Reached XP level 5. HP: 29/47 MP: 5/5
  1712 | D:2      | Noticed Natasha
  1738 | D:2      | Killed Natasha
  2374 | D:3      | Found a blossoming altar of Fedhas.
  2383 | D:3      | Found a stormy altar of Qazlal.
  2752 | D:3      | Found a snail-covered altar of Cheibriados.
  2859 | D:3      | Found an ornate altar of the Wu Jian Council.
  3352 | D:3      | Reached XP level 6. HP: 49/53 MP: 6/6
  4212 | D:4      | Shot with an arrow by a centaur

Skill      XL: |  1  2  3  4  5 |
---------------+----------------+-----
Fighting       | 4 |  4.7
Maces & Flails | 3 4 |  4.6
Throwing       | 1 |  1.9
Armour         | |  3.9
Dodging        | |  0.8
Shields        | |  3.9

Action                   |  1- 3 |  4- 6 || total
-------------------------+-------+-------++-------
Melee: Flail             |   102 |   270 ||   372
Throw: Stone             |    35 |   124 ||   159
  Use: Scroll            |     3 |     9 ||    12
  Eat: Chunk             |       |    10 ||    10
       Ration            |       |     1 ||     1
Armor: Scale mail        |    50 |    94 ||   144
Dodge: Dodged            |    40 |    64 ||   104
Block: Shield            |    53 |   130 ||   183
